 Dungeon Crawl Stone Soup version 0.31-a0-187-gba352fbbf7 (webtiles) character file.

Game seed: 9523915917780570144

5191 Arzdou the Geomancer (level 10, -12/66 HPs)
             Began as an Octopode Earth Elementalist on June 22, 2023.
             Was a Priest of Vehumet.
             Mangled by a two-headed ogre
             ... wielding a +0 giant club
              (13 damage)
             ... on level 9 of the Dungeon.
             The game lasted 00:24:09 (10300 turns).

Arzdou the Geomancer (Octopode Earth Elementalist) Turns: 10300, Time: 00:24:09

Health: -12/66     AC:  1    Str:  7    XL:     10   Next: 60%
Magic:  12/20      EV: 15    Int: 21    God:    Vehumet [***...]
Gold:   233        SH:  0    Dex: 14    Spells: 7/23 levels left

rFire   . . .        d - +1 dagger (holy)
rCold   . . .        b - orb {light}
rNeg    . . .        (helmet restricted)
rPois   .            (no amulet)
rElec   .            l - ring of wizardry
rCorr   +            w - ring of resist corrosion
SInv    .            F - ring of Kyov {Wiz *Slow rCorr Slay+3}
Will    .....        (no ring)
Stlth   ++           (no ring)
HPRegen 0.31/turn    (no ring)
MPRegen 0.17/turn    (no ring)
                     (no ring)

%: slow self (1%), wizardry (x2)
@: glowing
A: almost no armour, amphibious, 8 rings, camouflage 1, gelatinous body 1,
(nimble swimmer 1), tentacles
a: Renounce Religion


You were on level 9 of the Dungeon.
You worshipped Vehumet.
Vehumet was most pleased with you.
You visited 2 branches of the dungeon, and saw 10 of its levels.

You collected 483 gold pieces.
You spent 250 gold pieces at shops.

Inventory:

Hand Weapons
 d - a +1 dagger of holy wrath (weapon)
 j - a +1 dagger of speed
Missiles
 c - 57 stones
 u - 43 poisoned darts
Armour
 b - an orb of light (worn)
Magical Staves
 e - a staff of fire
 t - a staff of cold
 y - a staff of conjuration
Jewellery
 l - a ring of wizardry (left tentacle)
 w - a ring of resist corrosion (right tentacle)
 F - the ring of Kyov (on tentacle) {Wiz *Slow rCorr Slay+3}
   (You found it on level 7 of the Dungeon)

   [ring of wizardry]

   It improves your spell success rate.
   Slay:      It affects your accuracy & damage with ranged weapons and melee
   (+3).
   rCorr:     It protects you from acid and corrosion.
   *Slow:     It may slow you when you take damage.
 H - an amulet of faith
Wands
 a - a wand of roots (4)
 z - a wand of light (7)
 A - a wand of charming (3)
 D - a wand of mindburst (15)
Scrolls
 f - 3 scrolls of poison {unknown}
 g - 3 scrolls of silence
 h - 2 scrolls of revelation
 k - 4 scrolls of teleportation
 n - 2 scrolls of summoning
 q - 3 scrolls of immolation {unknown}
 s - 2 scrolls of fear
 x - a scroll of enchant weapon {unknown}
 B - a scroll of noise {unknown}
 E - 2 scrolls of identify
Potions
 i - 6 potions of curing
 m - a potion of berserk rage {unknown}
 o - a potion of ambrosia {unknown}
 p - 2 potions of resistance {unknown}
 r - 2 potions of cancellation
 v - a potion of degeneration {unknown}
 C - a potion of attraction {unknown}
 I - a potion of lignification {unknown}


   Skills:
 + Level 5.0 Fighting
 + Level 5.5 Dodging
 - Level 2.7 Stealth
 + Level 7.0 Spellcasting
 + Level 6.0 Conjurations
 - Level 1.0 Transmutations
 - Level 4.0 Ice Magic
 - Level 4.0 Air Magic
 - Level 8.0 Earth Magic


You had 7 spell levels left.
You knew the following spells:

 Your Spells              Type           Power      Damage    Failure   Level
a - Sandblast             Erth           82%        2d17      1%          1
b - Stone Arrow           Conj/Erth      74%        3d11      1%          3
c - Petrify               Tmut/Erth      26%        N/A       4%          4
d - Freezing Cloud        Conj/Ice/Air   13%        6-21      4%          5
e - Frozen Ramparts       Ice            48%        1d8       1%          3

Your spell library contained the following spells:

 Spells                   Type           Power      Damage    Failure   Level
 Passwall                 Tmut/Erth      21%        N/A       1%          2
 Poisonous Vapours        Pois/Air       30%        N/A       1%          2
 Mephitic Cloud           Conj/Pois/Air  21%        N/A       1%          3
 Summon Small Mammal      Summ           28%        N/A       2%          1
 Inner Flame              Hex/Fire       7%         N/A       3%          3
 Call Canine Familiar     Summ           7%         N/A       7%          3
 Summon Guardian Golem    Hex/Summ       7%         N/A       7%          3
 Yara's Violent Unravell  Hex/Tmut       4%         3d4       21%         5
 Enfeeble                 Hex            3%         N/A       100%        7


Dungeon Overview and Level Annotations

Branches:
Dungeon (9/15)             Temple (1/1) D:4
   Lair: D:8-11         Orc: D:9-12

Altars:
Cheibriados
Dithmenos
Elyvilon
Fedhas
Hepliaklqana
Kikubaaqudgha
Qazlal
Ru
Vehumet
Wu Jian
Yredelemnul
Zin

Shops:
D:2 *   D:6 !

Annotations:
D:5 Edmund
D:8 2 transporters


Innate Abilities, Weirdness & Mutations

You cannot wear most types of armour.
You are amphibious.
You can wear up to eight rings at the same time.
Your skin changes colour to match your surroundings (Stealth+).
Your rubbery body absorbs attacks. (AC +1, EV +1)
((You are camouflaged when in or above water. (Stealth+)))
You have tentacles for arms and can constrict up to eight enemies at once.


Message History

You climb downwards.
The two-headed ogre barely misses you.
The two-headed ogre hits you with a +0 giant spiked club!
There is a stone staircase leading up, spattered with blood here.
Things that are here:
a +0 robe; a +0 long sword
Casting: Stone Arrow (safe; 1% risk of failure)
Confirm with . or Enter, or press ? or * to list all spells.
Aiming: Petrify (dangerous; 4% risk of failure)
Press: ? - help, Shift-Dir - straight line, f - two-headed ogre
Aim: a two-headed ogre, wielding a +0 giant club and a +0 giant spiked club (haloed, chance to affect: 39%)
The two-headed ogre is moving more slowly.
The two-headed ogre barely misses you. x2
Casting: Petrify (dangerous; 4% risk of failure)
Confirm with . or Enter, or press ? or * to list all spells.
Casting: Frozen Ramparts (safe; 1% risk of failure)
Press: ? - help, Dir - look around, f - activate This square is lit by a halo.
The walls around you are covered in ice.
Casting: Frozen Ramparts (safe; 1% risk of failure)
Confirm with . or Enter, or press ? or * to list all spells.
Aiming: Stone Arrow (safe; 1% risk of failure)
Press: ? - help, Shift-Dir - straight line, f - two-headed ogre
Aim: a two-headed ogre, wielding a +0 giant club and a +0 giant spiked club (petrifying slowly, haloed, 100% to hit)
The stone arrow hits the two-headed ogre!
The two-headed ogre is lightly wounded.
The wall freezes the two-headed ogre.
The two-headed ogre closely misses you.
The two-headed ogre hits you with a +0 giant spiked club!!
Your frozen ramparts will break if you move.
Continue?
The frozen ramparts melt away as you move.
The two-headed ogre stops moving altogether!
There is an open door here.
Items here: )))) [[[[.
There is a stone staircase leading up, spattered with blood here.
Things that are here:
a +0 robe; a +0 long sword The two-headed ogre is no longer petrified.
The two-headed ogre hits you with a +0 giant club!!
* * * LOW HITPOINT WARNING * * *
The two-headed ogre hits you with a +0 giant spiked club!
You die...

.... .# ... ..# ##
#'##### ..#
#..####.##..##..###
#..................
#..........[.......
..####.###.######
#O###[###.###
#.@....#....#
#......#....
#......#...
#'###+###.#
#..##.###†##
#..........#
+..........#
#..........#
##....###+##


You could see a two-headed ogre.

Vanquished Creatures
  An unseen horror (D:6)
  A troll (D:7)
  A hornet (D:7)
  2 wyverns
  A yak (D:8)
  A steam dragon (D:7)
  An acid dragon (D:8)
  2 black bears
  An ice beast (D:6)
  2 sky beasts
  3 orc warriors
  An ogre (D:7)
  4 centaurs
  A phantom (D:5)
  2 kobold brigands
  A gnoll sergeant (D:8)
  3 scorpions (D:6)
  2 bullfrogs
  16 wights
  A killer bee (D:6)
  5 howler monkeys
  2 electric eels (D:6)
  3 jellies
  5 orc priests
  5 hounds
  2 iguanas
  2 sleepcaps
  8 orc wizards
  4 gnolls (D:8)
  9 adders
  6 river rats (D:5)
  2 white imps
  An ufetubus (D:5)
  A worm (D:2)
  4 dart slugs
  19 orcs
  4 bats
  4 endoplasms
  4 giant cockroaches
  4 goblins
  6 hobgoblins
  6 jackals
  16 kobolds
  7 quokkas
  7 ball pythons
  3 frilled lizards
  25 rats
211 creatures vanquished.

Vanquished Creatures (others)
  An orc (D:6)
1 creature vanquished.

Grand Total: 212 creatures vanquished

Notes
Turn   | Place    | Note
-------+----------+-------------------------------------------
     0 | D:1      | Arzdou the Octopode Earth Elementalist began the quest for
                  | the Orb.
     0 | D:1      | Reached XP level 1. HP: 11/11 MP: 3/3
     1 | D:1      | Noticed an electric eel
   114 | D:1      | Reached XP level 2. HP: 15/17 MP: 0/5
   620 | D:2      | Identified the +5 hand axe of Modesty {flame, Fly rF++
                  | Will- rCorr}
   643 | D:2      | Reached XP level 3. HP: 21/21 MP: 2/7
   647 | D:2      | Learned a level 3 spell: Stone Arrow
  1208 | D:2      | Found Belyc's Assorted Antiques.
  1217 | D:2      | Bought 2 bubbling emerald potions for 41 gold pieces
  1217 | D:2      | Bought a scroll labelled SEM FAG KAE for 23 gold pieces
  1217 | D:2      | Bought a scroll labelled MYESED IQIMP for 23 gold pieces
  1217 | D:2      | Bought a glowing yellow potion for 20 gold pieces
  1431 | D:3      | Reached skill level 4 in Earth Magic
  1431 | D:3      | Reached XP level 4. HP: 27/27 MP: 5/8
  1558 | D:3      | Learned a level 4 spell: Petrify
  2635 | D:4      | Reached XP level 5. HP: 27/31 MP: 5/10
  3135 | D:4      | Found a staircase to the Ecumenical Temple.
  3139 | Temple   | Entered the Ecumenical Temple
  3150 | Temple   | Became a worshipper of Vehumet
  3301 | D:5      | Entered Level 5 of the Dungeon
  3328 | D:5      | Noticed a black bear
  3334 | D:5      | Killed a black bear
  3335 | D:5      | Reached skill level 5 in Earth Magic
  3335 | D:5      | Reached XP level 6. HP: 29/36 MP: 0/12
  3606 | D:5      | Noticed Edmund
  3887 | D:5      | Reached XP level 7. HP: 29/41 MP: 6/14
  4021 | D:5      | Reached skill level 5 in Spellcasting
  4111 | D:5      | Reached * piety under Vehumet
  4111 | D:5      | Offered knowledge of Foxfire by Vehumet.
  4234 | D:5      | Reached skill level 6 in Earth Magic
  4838 | D:6      | Found Bounup's Distillery.
  4888 | D:6      | Bought a potion of cancellation for 88 gold pieces
  4888 | D:6      | Bought a potion of heal wounds for 55 gold pieces
  4969 | D:6      | Reached XP level 8. HP: 46/46 MP: 11/16
  5080 | D:6      | Noticed an unseen horror
  5084 | D:6      | Killed an unseen horror
  5085 | D:6      | Reached skill level 7 in Earth Magic
  5202 | D:6      | Reached skill level 8 in Earth Magic
  5447 | D:6      | Reached skill level 1 in Conjurations
  5447 | D:6      | Reached skill level 1 in Ice Magic
  5677 | D:6      | Found a stormy altar of Qazlal.
  5686 | D:6      | Reached XP level 9. HP: 51/51 MP: 15/19
  6132 | D:6      | Offered knowledge of Kiss of Death by Vehumet.
  6161 | D:6      | Reached ** piety under Vehumet
  6413 | D:7      | Noticed a hornet
  6616 | D:7      | Killed a hornet
  6617 | D:7      | Reached skill level 5 in Conjurations
  6710 | D:7      | HP: 2/51 [wyvern (12)]
  6722 | D:6      | Learned a level 5 spell: Freezing Cloud
  6936 | D:7      | Reached skill level 1 in Fighting
  6947 | D:6      | Reached skill level 1 in Air Magic
  8069 | D:7      | Found a shadowy altar of Dithmenos.
  8075 | D:7      | Identified the ring of Kyov {Wiz *Slow rCorr Slay+3}
  8098 | D:7      | Reached XP level 10. HP: 62/62 MP: 20/20
  8298 | D:7      | Found a white marble altar of Elyvilon.
  8316 | D:7      | Found an ornate altar of the Wu Jian Council.
  8316 | D:7      | Found an ancient bone altar of Kikubaaqudgha.
  8439 | D:8      | Found a transporter.
  8444 | D:8      | Noticed a centaur warrior
  8448 | D:8      | Found a transporter.
  8723 | D:8      | Offered knowledge of Frozen Ramparts by Vehumet.
  8728 | D:8      | Learned a level 3 spell: Frozen Ramparts
  9128 | D:8      | Found a glowing silver altar of Zin.
  9232 | D:8      | Found a hazy altar of Hepliaklqana.
  9407 | D:8      | Reached *** piety under Vehumet
  9566 | D:8      | Noticed a boulder beetle
  9569 | D:8      | Found a sacrificial altar of Ru.
  9729 | D:9      | Noticed a two-headed ogre
  9790 | D:9      | Reached skill level 5 in Dodging
 10108 | D:9      | Reached skill level 5 in Fighting
 10300 | D:9      | HP: 1/66 [two-headed ogre/+0 giant club (28)]
 10300 | D:9      | Mangled by a two-headed ogre

Illustrated notes

Levels and vault maps discovered:
D:1:      arrival_aquarium_a, layout_rooms
D:2:      cheibrodos_helix_gallery, layout_basic, serial_shops,
          nicolae_shop_tiny_statue_garden
D:3:      layout_basic, grunt_ministairs_10
D:4:      layout_rooms, minmay_temple_entry_grid
D:5:      lemuel_ratsnest, layout_loops_ring, nicolae_the_louvre, uniq_edmund
D:6:      layout_loops_ring, mainiacjoe_overflow_brackets, serial_bayou,
          serial_bayou_crossing, serial_bayou_pond_d, serial_bayou_shore_b,
          serial_bayou_shore_a, serial_shops, nicolae_shop_peninsula,
          kennysheep_diamond
D:7:      layout_rooms, grunt_dithmenos_smoke,
          chequers_temple_overflow_statue_of_worship, amethyst_killhole,
          minmay_between
D:8:      layout_basic, overflow_temple_1_default,
          mainiacjoe_overflow_concentric_impassable,
          gammafunk_temple_overflow_arena
D:9:      layout_gridville, tso_metal_star, gammafunk_temple_overflow_wave,
          lair_entry_dummy, nzn_ghost_randoct, uniq_pikel
Temple:   chequers_temple_sunken

Skill      XL: |  1  2  3  4  5  6  7  8  9 10 |
---------------+-------------------------------+-----
Spellcasting   | 3 4 5 7 |  7.0
Earth Magic    | 4 5 6 8 |  8.0
Conjurations   | 2 6 |  6.0
Ice Magic      | 2 4 |  4.0
Fighting       | 2 5 |  5.0
Air Magic      | 2 4 |  4.0
Dodging        | 3 5 |  5.5
Stealth        | |  2.7
Transmutations | |  1.0

Action                     |  1- 3 |  4- 6 |  7- 9 | 10-12 || total
---------------------------+-------+-------+-------+-------++-------
  Melee: Dagger            |     7 |    11 |    13 |     1 ||    32
         Constrict         |     2 |     3 |     4 |     1 ||    10
         Tentacles         |     2 |     2 |     4 |     1 ||     9
   Cast: Sandblast         |    38 |    67 |    78 |    43 ||   226
         Stone Arrow       |       |    14 |    60 |    41 ||   115
         Petrify           |       |       |     4 |     1 ||     5
         Frozen Ramparts   |       |       |       |     4 ||     4
  Evoke: Wand              |       |       |     3 |       ||     3
    Use: Scroll            |     3 |     3 |       |       ||     6
         Potion            |       |     2 |     1 |     1 ||     4
 Armour: Skin              |       |     2 |     2 |     1 ||     5
  Dodge: Dodged            |     9 |    27 |    53 |    28 ||   117

Table legend: (Time is in decaauts)
 A = Elapsed time spent in this place.
 B = Non-inter-level travel time spent in this place.
 C = Inter-level travel time spent in this place.
 D = Time resting spent in this place.
 E = Time spent auto-exploring this place.
 F = Levels seen in this place.
 G = Mean time per level.
                   A        B        C        D        E       F      G
               +--------+--------+--------+--------+--------+-----+--------+
         Total |  10417 |   9695 |    722 |    901 |   7462 |  10 | 1041.7 |
       Dungeon |  10399 |   9682 |    717 |    901 |   7462 |   9 | 1155.4 |
        Temple |     17 |     12 |      5 |      0 |      0 |   1 |   17.0 |
               +--------+--------+--------+--------+--------+-----+--------+

Top non-repeatable levels by time:
     D:6: 3005 daAuts
     D:8: 1659 daAuts
     D:5: 1424 daAuts
     D:3: 1216 daAuts
     D:2: 880 daAuts
     D:4: 749 daAuts
     D:7: 665 daAuts
     D:1: 564 daAuts
     D:9: 234 daAuts
  Temple: 17 daAuts
